 Dungeon Crawl Stone Soup version 0.26-a0-682-g294304f6e8 (webtiles) character file.

Game seed: 12013400701836456209

429 somkeydreadnuts the Chopper (level 6, 0/40 HPs)
             Began as a Gargoyle Fighter on Oct 21, 2020.
             Slain by Grinder (6 damage)
             ... while paralysed by Grinder
             ... on level 4 of the Dungeon.
             The game lasted 00:06:19 (2546 turns).

somkeydreadnuts the Chopper (Gargoyle Fighter)      Turns: 2546, Time: 00:06:20

Health: 0/40       AC: 13    Str: 22    XL:     6   Next: 98%
Magic:  6/6        EV:  2    Int:  8    God:
Gold:   193        SH:  0    Dex:  9    Spells: 5/5 levels left

rFire    . . .     SeeInvis .   a - +0 war axe
rCold    . . .     Faith    .   c - +0 kite shield
rNeg     + . .     Spirit   .   b - +0 scale mail
rPois    ∞         Reflect  .   p - +0 helmet
rElec    +         Harm     .   g - +0 cloak
rCorr    .         Rampage  .   (no gloves)
MR       .....                  (no boots)
Stlth    ..........             (no amulet)
HPRegen  0.13/turn              (no ring)
MPRegen  0.10/turn              (no ring)

@: paralysed, mighty, stab, flying
A: negative energy resistance 1, electricity resistance, unbreathing,
petrification resistance, rot immunity, AC +4
a: no special abilities


You were on level 4 of the Dungeon.
You visited 1 branch of the dungeon, and saw 5 of its levels.

You collected 193 gold pieces.

Inventory:

Hand Weapons
 a - a +0 war axe (weapon)
Armour
 b - a +0 scale mail (worn)
 c - a +0 kite shield (worn)
 g - a +0 cloak (worn)
 p - a +0 helmet (worn)
Wands
 d - a wand of flame (20)
Scrolls
 e - a scroll of remove curse {unknown}
 f - 5 scrolls of identify {unknown}
 i - 2 scrolls of teleportation {unknown}
 j - a scroll of fog {unknown}
 n - a scroll of amnesia {unknown}
 o - a scroll of magic mapping {unknown}
 q - a scroll of immolation {unknown}
 r - a scroll of fear {unknown}
Potions
 h - a potion of stabbing
 k - a potion of lignification {unknown}
 l - a potion of heal wounds {unknown}
 m - a potion of flight


   Skills:
 + Level 5.2 Fighting
 + Level 5.4 Axes
 - Level 3.3 Armour
 + Level 1.1 Stealth
 - Level 3.3 Shields


You had 5 spell levels left.
You didn't know any spells.
Your spell library was empty.

Dungeon Overview and Level Annotations

Branches:
Dungeon (5/15)
 Temple: D:4-7

Altars:
Yredelemnul

Annotations:
D:4 Grinder


Innate Abilities, Weirdness & Mutations

You are resistant to torment.
Your stone body is resilient. (AC +4)
You are immune to poison.
You resist negative energy. (rN+)
You are resistant to electric shocks. (rElec)
You can survive without breathing.
You are immune to petrification.
You are immune to rotting.


Message History

You closely miss Ijyb.
Ijyb is heavily wounded.
Grinder blinks!
Ijyb zaps a wand.
The puff of flame hits you but does no damage.
You slice Ijyb!!
You kill Ijyb!
d - a wand of flame (20)
Things that are here:
a +1 leather armour of fire resistance; the goblin corpse of Ijyb It was a potion of stabbing.
You feel ready to backstab. Grinder gestures at you.
You barely resist.
It was a potion of flight.
You feel very buoyant.
You fly up into the air.
Grinder gestures at you.
You suddenly lose the ability to move!
Grinder hits you.
You die...

#.## ##........ ......#
#..#####......... .......
#............##.. .......
##............... .......
##(........[...# .......
#...#..........# ....$..
##..#...........#
.......####...#...........#
?........5@..##..........##
............###..........#
.......###### #.........##
$...... #........## .......
##.....### .!..... ###..###
....... #...## .......
#...# #..##


You could see Grinder.

Vanquished Creatures
  Sigmund (D:4)
  A centaur skeleton (D:5)
  4 worker ants
  Ijyb (D:4)
  Robin (D:3)
  6 adders
  An ooze (D:2)
  3 worms
  A dart slug (D:2)
  3 leopard geckos
  An orc (D:3)
  3 bats
  3 giant cockroaches
  11 goblins
  6 hobgoblins
  3 frilled lizards
  10 kobolds
  2 rats
  A spectral orc (D:2)
62 creatures vanquished.

Notes
Turn   | Place    | Note
-------+----------+-------------------------------------------
     0 | D:1      | somkeydreadnuts the Gargoyle Fighter began the quest for
                  | the Orb.
     0 | D:1      | Reached XP level 1. HP: 14/14 MP: 1/1
   258 | D:1      | Reached XP level 2. HP: 16/20 MP: 2/2
   532 | D:1      | You fall into a shaft and drop 1 floor!
   700 | D:2      | Reached XP level 3. HP: 11/24 MP: 3/3
  1472 | D:2      | Found a basalt altar of Yredelemnul.
  1476 | D:2      | Reached XP level 4. HP: 29/29 MP: 4/4
  1855 | D:3      | Noticed Robin
  1867 | D:3      | Killed Robin
  2037 | D:3      | You fall into a shaft and drop 2 floors!
  2037 | D:5      | Entered Level 5 of the Dungeon
  2083 | D:5      | Reached skill level 1 in Stealth
  2083 | D:5      | Reached XP level 5. HP: 29/34 MP: 5/5
  2182 | D:4      | Noticed Sigmund
  2192 | D:4      | Killed Sigmund
  2192 | D:4      | Reached skill level 5 in Axes
  2192 | D:4      | Reached XP level 6. HP: 20/40 MP: 6/6
  2425 | D:4      | Reached skill level 5 in Fighting
  2510 | D:4      | Noticed Grinder
  2510 | D:4      | Noticed Ijyb
  2538 | D:4      | Killed Ijyb
  2543 | D:4      | Paralysed by Grinder for 7 turns
  2546 | D:4      | Slain by Grinder

Illustrated notes

Levels and vault maps discovered:
D:1:      zaba_arrival_water, layout_basic
D:2:      layout_loops_ring, yredelemnul_forgotten_temple_becter, serial_forest,
          infiniplex_forest_end_1, infiniplex_forest_lined_room_,
          infiniplex_forest_clump_tiny, infiniplex_forest_3_way
D:3:      layout_loops_ring, chequers_temple_overflow_statue_of_worship,
          corexii_hall_statues_x, uniq_robin
D:4:      layout_layer_cave, grunt_decor_clamped, chequers_serial_rivers_room_b,
          uniq_grinder, uniq_ijyb, uniq_sigmund
D:5:      layout_loops_ring

Skill      XL: |  1  2  3  4  5  6 |
---------------+-------------------+-----
Axes           | 2 3 5 |  5.4
Fighting       | 4 5 |  5.2
Stealth        | 1 |  1.1
Armour         | |  3.3
Shields        | |  3.3

Action                   |  1- 3 |  4- 6 || total
-------------------------+-------+-------++-------
Melee: War axe           |    94 |   118 ||   212
  Use: Potion            |       |     3 ||     3
Armor: Scale mail        |    50 |    89 ||   139
Dodge: Dodged            |    33 |    42 ||    75
Block: Kite shield       |    48 |    75 ||   123

Table legend: (Time is in decaauts)
 A = Elapsed time spent in this place.
 B = Non-inter-level travel time spent in this place.
 C = Inter-level travel time spent in this place.
 D = Time resting spent in this place.
 E = Time spent auto-exploring this place.
 F = Levels seen in this place.
 G = Mean time per level.
                   A        B        C        D        E       F      G
               +--------+--------+--------+--------+--------+-----+--------+
         Total |   2642 |   2642 |      0 |      0 |   1705 |   5 |  528.4 |
       Dungeon |   2642 |   2642 |      0 |      0 |   1705 |   5 |  528.4 |
               +--------+--------+--------+--------+--------+-----+--------+

Top non-repeatable levels by time:
     D:2: 1156 daAuts
     D:1: 554 daAuts
     D:3: 393 daAuts
     D:4: 379 daAuts
     D:5: 157 daAuts
